 Dungeon Crawl Stone Soup version 0.32-a0-986-ga09f62fbf4 (webtiles) character file.

Game seed: 4570137028779775670

390 terelglass the Trooper (level 6, 0/55 HPs)
             Began as a Draconian Cinder Acolyte on Apr 21, 2024.
             Was a High Priest of Ignis.
             Constricted to death by a starspawn tentacle (4 damage)
             ... attached to a tentacled starspawn
             ... on level 1 of the Abyss.
             The game lasted 00:10:04 (3029 turns).

terelglass the Trooper (Draconian Cinder Acolyte)   Turns: 3029, Time: 00:10:05

Health: 0/55       AC:  7    Str: 19    XL:     6   Next: 50%
Magic:  8/10       EV:  0    Int: 14    God:    Ignis [*****.]
Gold:   108        SH:  0    Dex:  6    Spells: 9/11 levels left

rFire   + . .        a - -1 spear (flame)
rCold   . . .        (no shield)
rNeg    . . .        (body armour unavailable)
rPois   .            (helmet restricted)
rElec   .            (no cloak)
rCorr   .            (no gloves)
SInv    .            f - +0 pair of boots
Will    .....        (no amulet)
Stlth   +            (no ring)
HPRegen 0.29/turn    (no ring)
MPRegen 0.12/turn

%: no passive effects
@: very slightly contaminated, constricted
A: AC +6, unfitting armour, cold-blooded, mutation resistance 1
a: Renounce Religion, Fiery Armour, Foxfire Swarm


You were on level 1 of the Abyss.
You worshipped Ignis.
Ignis was extremely pleased with you.
You visited 1 branch of the dungeon, and saw 4 of its levels.
You visited the Abyss 1 time.

You collected 108 gold pieces.

Inventory:

Hand Weapons
 a - a -1 spear of flaming (weapon)
Armour
 f - a +0 pair of boots (worn)
Wands
 n - a wand of flame (22)
Scrolls
 i - a scroll of enchant weapon {unknown}
 j - a scroll of identify {unknown}
 k - a scroll of immolation {unknown}
Potions
 l - a potion of lignification {unknown}
 m - a potion of mutation
 p - a potion of attraction {unknown}


   Skills:
 + Level 4.9 Fighting
 + Level 4.5 Polearms
 + Level 3.1 Spellcasting
 + Level 4.4 Fire Magic


You had 9 spell levels left.
You knew the following spells:

 Your Spells              Type           Power      Damage    Failure   Level
a - Scorch                Fire           28%        2d6       4%          2

Your spell library contained the following spells:

 Spells                   Type           Power      Damage    Failure   Level
 Apportation              Tloc           4%         N/A       22%         1
 Magic Dart               Conj           8%         1d3       22%         1
 Jinxbite                 Hex            4%         N/A       32%         2
 Searing Ray              Conj           4%         2d4       32%         2
 Fulminant Prism          Conj/Alch      1%         3d5       91%         4
 Petrify                  Alch/Erth      2%         N/A       91%         4
 Alistair's Intoxication  Alch           1%         N/A       99%         5
 Irradiate                Conj/Alch      1%         3d12      99%         5
 Yara's Violent Unravell  Hex/Alch       1%         3d3       99%         5
 Enfeeble                 Hex            1%         N/A       100%        7
 Fulsome Fusillade        Conj/Alch      1%         (3-5)d4   100%        8


Dungeon Overview and Level Annotations

Branches:
Dungeon (3/15)

Altars:
Okawaru

Shops:
D:4 *

Annotations:
D:3 Terence
D:4 Edmund


Innate Abilities, Weirdness & Mutations

Your plain brown scales are hard. (AC +6)
You cannot fit into any form of body armour.
You are cold-blooded and may be slowed by cold attacks.
You are somewhat resistant to further mutation.


Message History

Terence's fire resistance burns away.
Terence hits you from afar with a +3 trident of distortion.
Space warps around you.
Terence hits you with a +3 trident of distortion!
Space warps around you!
You barely miss Terence.
Terence is moderately wounded.
Terence hits you with a +3 trident of distortion!
You are cast into the Abyss!
This branch contains the abyssal rune of Zot.
You start resting.
Magic restored.
A small abomination comes into view.
Found a gateway leading deeper into the Abyss.
There is a gateway leading deeper into the Abyss here.
Found a gateway leading deeper into the Abyss.
A tentacled starspawn comes into view.
There is a gateway leading deeper into the Abyss here.
Found a corrupted altar of Lugonu.
Tentacles burst from the starspawn's body! 2 starspawn tentacles come into view.
Casting: Scorch (safe; 4% risk of failure)
Confirm with . or Enter, or press ? or * to list all spells.
You miscast Scorch.
You are very lightly contaminated with residual magic.
Nothing appears to happen.
The starspawn tentacle barely misses you.
The starspawn tentacle grabs you. The starspawn tentacle constricts you.
You escape the starspawn tentacle's grasp.
The tentacled starspawn attacks as it pursues you!
The tentacled starspawn bites you but does no damage.
The tentacled starspawn tentacle-slaps you but does no damage.
The starspawn tentacle grabs you. The starspawn tentacle constricts you.
The starspawn tentacle's grasp on you weakens, but your attempt to escape fails.
The tentacled starspawn bites you!!
The tentacled starspawn tentacle-slaps you!
* * * LOW HITPOINT WARNING * * *
The starspawn tentacle constricts you.
You die...
Ignis goes out, and joins you in death.

## . ## ..# ..# ..
#.#.#. ...# #.# .
...#..## ####..##..
.#. ... # .#..#... #
....## ####....#.#
.......#.#.##....#.#
# .
##......#>..#.##.# #
...##.......Xw...#..#
# #..
#....###w@...._# .#.
###.. ###.#.##.. ..##
...#. #... ...
.####.. .#.# # ...#
....# .... ##.... ...
.#.## # .. #.. . #.


You could see a tentacled starspawn and 2 starspawn tentacles.

Vanquished Creatures
  Grinder (D:3)
  A howler monkey (D:4)
  A bombardier beetle (D:4)
  5 adders
  2 ribbon worms (D:2)
  2 orcs
  3 ball pythons
  7 endoplasms
  2 giant cockroaches
  6 goblins
  4 hobgoblins
  2 jackals (D:2)
  4 quokkas (D:2)
  7 bats
  3 frilled lizards
  4 kobolds
  8 rats
62 creatures vanquished.

Notes
Turn   | Place    | Note
-------+----------+-------------------------------------------
     0 | D:1      | terelglass the Draconian Cinder Acolyte began the quest for
                  | the Orb.
     0 | D:1      | Reached XP level 1. HP: 19/19 MP: 2/2
   296 | D:1      | Reached XP level 2. HP: 26/26 MP: 3/3
  1132 | D:2      | Reached XP level 3. HP: 33/33 MP: 5/5
  1140 | D:2      | Learned a level 2 spell: Scorch
  1819 | D:2      | Reached XP level 4. HP: 38/40 MP: 3/6
  2314 | D:3      | Found an iron altar of Okawaru.
  2380 | D:3      | You fall into a shaft and drop 1 floor!
  2389 | D:4      | Found Vaesufid's General Store.
  2556 | D:4      | Noticed Edmund
  2565 | D:4      | Reached XP level 5. HP: 33/46 MP: 5/8
  2575 | D:4      | Gained mutation: You are somewhat resistant to further
                  | mutation. [potion of mutation]
  2649 | D:3      | Noticed Grinder
  2679 | D:3      | Killed Grinder
  2680 | D:3      | Reached XP level 6. HP: 22/55 MP: 6/10
  2921 | D:3      | Noticed Terence
  2947 | Abyss:1  | Cast into level 1 of the Abyss (Terence)
  2987 | Abyss:1  | Noticed a small abomination
  3022 | Abyss:1  | Noticed a tentacled starspawn
  3025 | Abyss:1  | Found a corrupted altar of Lugonu.
  3029 | Abyss:1  | Constricted to death by a starspawn tentacle

Illustrated notes

Levels and vault maps discovered:
D:1:      eino_arrival_druids_welcome, layout_loops_corners,
          minmay_close_crescents
D:2:      minmay_thinvault, layout_basic
D:3:      layout_rooms, hellmonk_okawaru_the_only_friend_you_need,
          ebering_ecumenical_altar_webs, uniq_terence, uniq_jessica,
          uniq_grinder
D:4:      kennysheep_kobold_camp, layout_basic, nicolae_gozag_seed_capital,
          kennysheep_mini_moat, grunt_temple_overflow_open, temple_hall,
          hangedman_decor_opposing, minmay_shop_grid_forest,
          amcnicky_mini_rare_corridor_liquid, uniq_edmund, uniq_natasha
Abyss:1:  base:
Temple

Skill      XL: |  1  2  3  4  5 |
---------------+----------------+-----
Spellcasting   | 2 3 |  3.1
Fighting       | 4 |  4.9
Polearms       | 4 |  4.5
Fire Magic     | 4 |  4.4

Action                     |  1- 3 |  4- 6 || total
---------------------------+-------+-------++-------
  Melee: Spear             |   135 |    97 ||   232
         Tailslap          |     9 |    13 ||    22
   Cast: Scorch            |     3 |    10 ||    13
 Invoke: Rising Flame      |       |     1 ||     1
         Fiery Armour      |       |     1 ||     1
    Use: Potion            |       |     2 ||     2
         Scroll            |       |     6 ||     6
 Armour: Skin              |    68 |    55 ||   123
  Dodge: Dodged            |    72 |    57 ||   129

Table legend: (Time is in decaauts)
 A = Elapsed time spent in this place.
 B = Non-inter-level travel time spent in this place.
 C = Inter-level travel time spent in this place.
 D = Time resting spent in this place.
 E = Time spent auto-exploring this place.
 F = Levels seen in this place.
 G = Mean time per level.
                   A        B        C        D        E       F      G
               +--------+--------+--------+--------+--------+-----+--------+
         Total |   3013 |   2953 |     60 |    668 |   1649 |   5 |  602.6 |
       Dungeon |   2931 |   2871 |     60 |    654 |   1615 |   4 |  732.8 |
         Abyss |     81 |     81 |      0 |     14 |     34 |   1 |   81.0 |
               +--------+--------+--------+--------+--------+-----+--------+

Top non-repeatable levels by time:
     D:2: 1294 daAuts
     D:1: 1005 daAuts
     D:3: 438 daAuts
     D:4: 193 daAuts
 Abyss:1: 81 daAuts
